 Dungeon Crawl Stone Soup version 0.16.0 (webtiles) character file.

4747 Fiveotanaka the Grappler (level 10, -2/88 HPs)
             Began as a Troll Monk on Mar 23, 2015.
             Slain by a hippogriff (illusionary) (6 damage)
             ... on level 10 of the Dungeon.
             The game lasted 00:08:00 (3508 turns).

Fiveotanaka the Grappler (Troll Monk)               Turns: 3508, Time: 00:08:00

Health: -2/88      AC:  8    Str: 21    XL:     10   Next: 23%
Magic:  4/4        EV: 10    Int:  6    God:
Gold:   319        SH:  0    Dex: 15    Spells: 0 memorised, 9 levels left

rFire  . . .     SeeInvis .       - Unarmed
rCold  . . .     Clarity  .     x - +2 robe
rNeg   . . .     SustAb   .     (shield restricted)
rPois  .         Gourm    +     (helmet restricted)
rElec  .         Spirit   .     o - +0 cloak
rCorr  +         Warding  .     (gloves unavailable)
rMut   .         Stasis   .     (boots unavailable)
MR     .....                    t - amulet of resist corrosion (curse)
Stlth  ++........               (no ring)
                                (no ring)

@: not resistant to hostile enchantments, unstealthy
A: unfitting armour, claws 3, fast metabolism 3, gourmand, regeneration 2,
shaggy fur 1, tough skin 2
a: no special abilities


You were on level 10 of the Dungeon.
You were not hungry.

You visited 1 branch of the dungeon, and saw 10 of its levels.

You collected 319 gold pieces.

Inventory:

Armour
 a - a +0 robe
 o - a +0 cloak (worn)
 x - a +2 robe (worn)
Jewellery
 t - a cursed amulet of resist corrosion (around neck)
Magical devices
 u - a wand of frost (24)
 v - a wand of teleportation (2)
 B - a wand of invisibility (2)
 E - a wand of confusion (16)
Scrolls
 c - a scroll of magic mapping {unknown}
 d - a scroll of enchant armour {unknown}
 e - a scroll of recharging {unknown}
 h - 6 scrolls of identify {unknown}
 i - 2 scrolls of blinking {unknown}
 l - a scroll of fear {unknown}
 y - a scroll of amnesia {unknown}
 z - a scroll of enchant weapon {unknown}
 C - a scroll of immolation {unknown}
 F - a scroll of teleportation {unknown}
 H - a scroll of acquirement {unknown}
 I - a scroll of fog {unknown}
Potions
 f - 2 potions of curing {unknown}
 g - 2 potions of heal wounds {unknown}
 k - a potion of flight {unknown}
 m - a potion of might {unknown}
 p - a potion of brilliance {unknown}
 r - a potion of resistance {unknown}
 w - 2 potions of berserk rage {unknown}
 G - a potion of agility {unknown}
Books
 q - a book of Unlife

   Spells                             Type                      Level
   a - Recall                         Summoning/Translocation      3
   b - Animate Dead                   Necromancy                   4
   c - Control Undead                 Necromancy                   4
   d - Cigotuvi's Embrace             Necromancy                   5
   e - Death Channel                  Necromancy                   6
   f - Simulacrum                     Ice/Necromancy               6
 s - a book of the Warp

   Spells                             Type                      Level
   a - Recall                         Summoning/Translocation      3
   b - Control Teleport               Charms/Translocation         4
   c - Force Lance                    Conjuration/Translocation    4
   d - Phase Shift                    Translocation                5
   e - Warp Weapon                    Charms/Translocation         5
   f - Gell's Gravitas                Hexes/Translocation          5
   g - Summon Forest                  Summoning/Translocation      5
 A - a book of Clouds

   Spells                             Type                      Level
   a - Mephitic Cloud                 Conjuration/Poison/Air       3
   b - Conjure Flame                  Conjuration/Fire             3
   c - Poisonous Cloud                Conjuration/Poison/Air       6
   d - Freezing Cloud                 Conjuration/Ice/Air          6
   e - Ring of Flames                 Charms/Fire                  7
Comestibles
 b - 4 meat rations
 j - 4 beef jerkies
 n - 2 bread rations
 D - 2 fruits


   Skills:
 - Level 2.4 Fighting
 - Level 2.4 Dodging
 - Level 1.1 Stealth
 + Level 14.8 Unarmed Combat


You had 9 spell levels left.
You didn't know any spells.

Dungeon Overview and Level Annotations

Branches:
Dungeon (10/15)
 Temple: D:4-7         Lair: D:8-11         Orc: D:9-12

Altars:
Kikubaaqudgha


Innate Abilities, Weirdness & Mutations

You are too large for most types of armour.
You have claws for hands.
Your metabolism is lightning-fast.
You like to eat raw meat.
You heal very quickly.
You are covered in fur (AC +1).
You have very tough skin (AC +2).


Message History

You scratch the rakshasa but do no damage.
The rakshasa is moderately wounded.
The hippogriff closely misses you.
The hippogriff pecks you but does no damage.
The hippogriff misses you. The rakshasa hits you with a whip!
* * * LOW HITPOINT WARNING * * *
The hippogriff closely misses you.
The hippogriff pecks you but does no damage.
The hippogriff barely misses you.
You scratch the rakshasa!
The rakshasa is heavily wounded.
The hippogriff bites you but does no damage.
The hippogriff pecks you.
* * * LOW HITPOINT WARNING * * *
The hippogriff claws you but does no damage.
The rakshasa hits you but does no damage.
The hippogriff barely misses you. The hippogriff pecks you.
* * * LOW HITPOINT WARNING * * *
The hippogriff claws you.
You die...

####### ######## #.....#
#####......# #.....# ....#......#
#.....# ....'......# #.....#
###.#......######H...$#....
##..#..........R@H.......$.
.....##.......###.....#..).
.....##......(# #######
###...........# ######
≈≈#..###......##############.....
≈≈#...##.>.....)..)).............
≈≈#.............############.....
###..##.........# #.....
..........####### #.....


You could see a rakshasa and 2 hippogriffs.

Vanquished Creatures
  A hill giant (D:10)
  2 gargoyles (D:10)
  A wyvern (D:9)
  2 deep elf magi
  A wraith (D:10)
  2 hippogriffs (D:8)
  A water moccasin (D:10)
  2 orc warriors
  2 phantoms
  2 ogres
  A centaur (D:8)
  Duvessa (D:9)
  A giant frog (D:9)
  A wyvern skeleton (D:9)
  A scorpion (D:9)
  11 killer bees (D:9)
  2 water moccasin zombies (D:10)
  A water moccasin skeleton (D:8)
  3 wights (D:8)
  A crimson imp (D:9)
  A goliath beetle (D:8)
  2 centaur zombies
  Dowan (D:9)
  2 worker ants
  5 orc priests
  2 centaur skeletons
  3 iguanas
  A giant frog skeleton (D:10)
  A hound (D:7)
  6 orc wizards
  Ijyb (D:2)
  2 hound skeletons
  A mummy (D:10)
  2 adders
  A shadow imp (D:10)
  A worm (D:2)
  An adder skeleton (D:4)
  2 adder zombies
  2 giant geckos
  22 orcs
  3 bats
  3 giant cockroaches
  8 goblins
  9 hobgoblins
  4 kobolds
  A ball python (D:5)
  A giant gecko skeleton (D:5)
  A giant spore (D:8)
  A quokka (D:9)
  6 rats
  A ballistomycete (D:8)
136 creatures vanquished.

Vanquished Creatures (others)
  A plant (D:9)
1 creature vanquished.

Grand Total: 137 creatures vanquished

Notes
Turn   | Place    | Note
--------------------------------------------------------------
     0 | D:1      | Fiveotanaka, the Troll Monk, began the quest for the Orb.
     0 | D:1      | Reached XP level 1. HP: 22/22 MP: 1/1
   183 | D:2      | Noticed Ijyb
   197 | D:2      | Reached XP level 2. HP: 29/29 MP: 1/1
   201 | D:2      | Killed Ijyb
   201 | D:2      | Reached skill level 5 in Unarmed Combat
   203 | D:2      | Reached XP level 3. HP: 36/36 MP: 2/2
   307 | D:3      | Reached XP level 4. HP: 23/44 MP: 2/2
   364 | D:3      | Reached skill level 6 in Unarmed Combat
   450 | D:3      | Noticed an orc warrior
   453 | D:3      | Killed an orc warrior
   453 | D:3      | Reached XP level 5. HP: 45/50 MP: 2/2
   457 | D:3      | Reached skill level 7 in Unarmed Combat
   465 | D:3      | Reached XP level 6. HP: 33/59 MP: 3/3
   718 | D:5      | Entered Level 5 of the Dungeon
   846 | D:7      | Reached skill level 8 in Unarmed Combat
  1124 | D:8      | Reached XP level 7. HP: 40/66 MP: 3/3
  1201 | D:8      | Reached skill level 9 in Unarmed Combat
  1440 | D:8      | Noticed a hippogriff
  1445 | D:8      | Killed a hippogriff
  1445 | D:8      | Reached skill level 10 in Unarmed Combat
  1445 | D:8      | Reached XP level 8. HP: 74/74 MP: 3/3
  1516 | D:8      | Noticed a hippogriff
  1525 | D:8      | Killed a hippogriff
  1668 | D:9      | Reached skill level 11 in Unarmed Combat
  1810 | D:9      | Noticed Dowan
  1812 | D:9      | Noticed Duvessa
  1817 | D:9      | Killed Dowan
  1823 | D:9      | Killed Duvessa
  1952 | D:9      | Reached skill level 12 in Unarmed Combat
  2096 | D:9      | Reached XP level 9. HP: 76/80 MP: 4/4
  2262 | D:9      | Found an ancient bone altar of Kikubaaqudgha.
  2684 | D:9      | Noticed a two-headed ogre
  2707 | D:10     | Entered Level 10 of the Dungeon
  2720 | D:10     | Reached skill level 13 in Unarmed Combat
  2859 | D:10     | Noticed a centaur skeleton
  2863 | D:10     | Killed a centaur skeleton
  2870 | D:10     | Noticed a hill giant
  2885 | D:10     | Killed a hill giant
  2885 | D:10     | Reached skill level 14 in Unarmed Combat
  3055 | D:10     | Noticed a gargoyle
  3067 | D:10     | Killed a gargoyle
  3067 | D:10     | Reached XP level 10. HP: 39/88 MP: 4/4
  3275 | D:10     | Noticed a gargoyle
  3290 | D:10     | Killed a gargoyle
  3492 | D:10     | Noticed a rakshasa
  3508 | D:10     | HP: 4/88 [hippogriff (illusionary) (2)]
  3508 | D:10     | Slain by a hippogriff (illusionary)

Action                   |  1- 3 |  4- 6 |  7- 9 | 10-12 || total
-------------------------+-------+-------+-------+-------++-------
Melee: Unarmed           |    32 |    84 |   168 |    37 ||   321
 Stab: Sleeping          |       |     1 |     2 |       ||     3
  Eat: Chunk             |     8 |     5 |    13 |     5 ||    31
